 Dungeon Crawl Stone Soup version 0.24.0-37-gcf1ca852f1 (webtiles) character file.

Game seed: 3386190560730531393, levelgen mode: deterministic

62 FishyPogo the Magician (level 4, -4/48 HPs)
             Began as a Gnoll Wizard on Dec 8, 2019.
             Killed from afar by a goblin (15 damage)
             ... with an exploding inner flame
             ... led by Robin
             ... hexed by the player character
             ... on level 2 of the Dungeon.
             The game lasted 00:04:55 (1329 turns).

FishyPogo the Magician (Gnoll Wizard)               Turns: 1329, Time: 00:04:56

Health: -4/48      AC: 22    Str: 10    XL:     4   Next: 8%
Magic:  1/13       EV:  2    Int: 21    God:
Gold:   45         SH:  0    Dex: 13    Spells: 8/17 levels left

rFire    . . .     SeeInvis .   e - +0 short sword
rCold    . . .     Gourm    .   (no shield)
rNeg     + + +     Faith    .   (armour currently unavailable)
rPois    +         Spirit   .   (helmet currently unavailable)
rElec    .         Reflect  .   (cloak currently unavailable)
rCorr    .         Harm     .   (gloves currently unavailable)
MR       .....     NoTele   +   (boots currently unavailable)
Stlth    +++.......             (no amulet)
HPRegen  0.16/turn              (no ring)
MPRegen  0.13/turn              (no ring)

@: tree-form
A: distributed training, strong nose
a: no special abilities


You were on level 2 of the Dungeon.
You were not hungry.
You were a tree.
You visited 1 branch of the dungeon, and saw 2 of its levels.

You collected 45 gold pieces.

Inventory:

Hand Weapons
 e - a +0 short sword (weapon)
Missiles
 c - 62 stones
 n - an atropa-tipped dart (quivered)
Armour
 a - a +0 robe (melded)
 b - a +0 hat
 h - a +1 helmet (melded)
Scrolls
 f - a scroll of remove curse {unknown}
 g - a scroll of immolation
 m - a scroll of enchant armour {unknown}
Potions
 i - a potion of lignification
Comestibles
 d - 2 rations
 j - 6 chunks of flesh


   Skills:
 + Level 1.0 Fighting
 + Level 1.0 Short Blades
 + Level 1.0 Long Blades
 + Level 1.0 Axes
 + Level 1.0 Maces & Flails
 + Level 1.0 Polearms
 + Level 1.0 Staves
 + Level 1.0 Slings
 + Level 1.0 Bows
 + Level 1.0 Crossbows
 + Level 1.0 Throwing
 + Level 1.0 Armour
 + Level 4.6 Dodging
 + Level 4.2 Stealth
 + Level 1.0 Shields
 + Level 1.0 Unarmed Combat
 + Level 7.2 Spellcasting
 + Level 2.2 Conjurations
 + Level 0.7 Hexes
 + Level 0.7 Charms
 + Level 2.2 Summonings
 + Level 0.7 Necromancy
 + Level 2.2 Translocations
 + Level 0.7 Transmutations
 + Level 0.7 Fire Magic
 + Level 0.7 Ice Magic
 + Level 0.7 Air Magic
 + Level 0.7 Earth Magic
 + Level 0.7 Poison Magic
 + Level 1.1 Invocations
 + Level 1.0 Evocations


You had 8 spell levels left.
You knew the following spells:

 Your Spells              Type           Power        Failure   Level  Hunger
a - Magic Dart            Conj           ###.         3%          1    None
c - Mephitic Cloud        Conj/Pois/Air  ##......     16%         3    None
j - Conjure Flame         Conj/Fire      ##......     14%         3    None
p - Call Imp              Summ           ###.....     5%          2    None

Your spell library contained the following spells:

 Spells                   Type           Power        Failure   Level  Hunger
 Blink                    Tloc           N/A          5%          2    None
 Slow                     Hex            ##......     10%         2    None


Dungeon Overview and Level Annotations

Branches:
Dungeon (2/15)

Altars:
Ru
Wu Jian


Innate Abilities, Weirdness & Mutations

Your experience applies equally to all skills.
((You have very sharp teeth.))
Your uncanny sense of smell can sniff out nearby items.


Message History

The goblin is heavily wounded.
The goblin hits you but does no damage.
Throwing (i - inventory. (/) - cycle)
n - 2 atropa-tipped darts (quivered)
Press: ? - help, Shift-Dir - straight line, f/p - goblin
Aim: a goblin, wielding a +0 hunting sling (unusually strong, blind, inner flame, chance to blind on hit: 100%)
You throw an atropa-tipped dart. The atropa-tipped dart hits the goblin.
The goblin appears confused.
The goblin hits you but does no damage.
The adder bites the goblin.
The adder barely misses itself.
The goblin seems less confused.
The goblin unwields a +0 hunting sling.
The goblin wields a +0 club.
The goblin hits you but does no damage. x2
The adder closely misses the goblin.
The goblin hits you but does no damage. x2
The goblin no longer looks unusually strong. x2
The adder bites the goblin.
The goblin explodes!
The fiery explosion engulfs the adder!!
You kill the adder!
You have reached level 4!
You feel stronger. The fiery explosion engulfs you!
You die...

#<.......................#
###
###############.#.###+####
#.#.# #......##.#.#
#......##.#.#
#......##.#.#
#S.....##.#g#
#......##g#.#
#......##♣#g#∆
.###......##§#.#
.......>...§(#.##
..######..####..#
##(.(gg..# #.......#
#.._8_.## ##.....# #.....#
#.


You could see a goblin (inner flame).

Vanquished Creatures
  Robin (D:2)
  An adder (D:2)
  A worm (D:2)
  A dart slug (D:2)
  A leopard gecko (D:1)
  3 giant cockroaches
  6 goblins
  4 hobgoblins
  A quokka (D:2)
  A ball python (D:2)
  3 bats
  A frilled lizard (D:2)
  9 kobolds
  4 rats
37 creatures vanquished.

Vanquished Creatures (collateral kills)
  A goblin (D:1)
1 creature vanquished.

Grand Total: 38 creatures vanquished

Notes
Turn   | Place    | Note
-------+----------+-------------------------------------------
     0 | D:1      | FishyPogo the Gnoll Wizard began the quest for the Orb.
     0 | D:1      | Reached XP level 1. HP: 13/13 MP: 8/8
   170 | D:1      | Reached XP level 2. HP: 19/19 MP: 5/10
   176 | D:1      | Learned a level 2 spell: Call Imp
   935 | D:2      | Reached XP level 3. HP: 25/25 MP: 9/11
   940 | D:2      | Learned a level 3 spell: Conjure Flame
   944 | D:2      | Learned a level 3 spell: Mephitic Cloud
  1173 | D:2      | Found a sacrificial altar of Ru.
  1175 | D:2      | Found an ornate altar of the Wu Jian Council.
  1209 | D:2      | Noticed Robin
  1258 | D:2      | Reached skill level 1 in Invocations
  1317 | D:2      | Killed Robin
  1324 | D:2      | Reached skill level 1 in Fighting
  1324 | D:2      | Reached skill level 1 in Short Blades
  1324 | D:2      | Reached skill level 1 in Long Blades
  1324 | D:2      | Reached skill level 1 in Axes
  1324 | D:2      | Reached skill level 1 in Maces & Flails
  1324 | D:2      | Reached skill level 1 in Polearms
  1324 | D:2      | Reached skill level 1 in Staves
  1324 | D:2      | Reached skill level 1 in Slings
  1324 | D:2      | Reached skill level 1 in Bows
  1324 | D:2      | Reached skill level 1 in Crossbows
  1324 | D:2      | Reached skill level 1 in Throwing
  1324 | D:2      | Reached skill level 1 in Armour
  1324 | D:2      | Reached skill level 1 in Shields
  1324 | D:2      | Reached skill level 1 in Unarmed Combat
  1324 | D:2      | Reached skill level 1 in Evocations
  1329 | D:2      | Reached XP level 4. HP: 11/32 MP: 1/13
  1329 | D:2      | Killed from afar by a goblin

Levels and vault maps discovered:
D:1:      saegor_arrival_simple_c, layout_basic
D:2:      layout_basic, lemuel_crystal_altar,
          chequers_temple_overflow_statue_of_worship,
          eat_drink_and_be_merry_uskayaw, chequers_ecumenical_altar_lobes,
          serial_bayou_crossing, uniq_robin

Skill      XL: |  1  2  3 |
---------------+----------+-----
Conjurations   | 2 |  2.2
Summonings     | 2 |  2.2
Translocations | 2 |  2.2
Invocations    | 1 |  1.1
Fighting       | 1 |  1.0
Short Blades   | 1 |  1.0
Long Blades    | 1 |  1.0
Axes           | 1 |  1.0
Maces & Flails | 1 |  1.0
Polearms       | 1 |  1.0
Staves         | 1 |  1.0
Slings         | 1 |  1.0
Bows           | 1 |  1.0
Crossbows      | 1 |  1.0
Throwing       | 1 |  1.0
Armour         | 1 |  1.0
Shields        | 1 |  1.0
Unarmed Combat | 1 |  1.0
Evocations     | 1 |  1.0
Dodging        | |  4.6
Stealth        | |  4.2
Spellcasting   | |  7.2
Hexes          | |  0.7
Charms         | |  0.7
Necromancy     | |  0.7
Transmutations | |  0.7
Fire Magic     | |  0.7
Ice Magic      | |  0.7
Air Magic      | |  0.7
Earth Magic    | |  0.7
Poison Magic   | |  0.7

Action                   |  1- 3 |  4- 6 || total
-------------------------+-------+-------++-------
Melee: Short sword       |    34 |       ||    34
       Unarmed           |     3 |       ||     3
       Bite              |     2 |       ||     2
Throw: Stone             |     1 |       ||     1
       Dart              |     2 |       ||     2
 Cast: Magic Dart        |    67 |       ||    67
       Call Imp          |     1 |       ||     1
       Mephitic Cloud    |     1 |       ||     1
  Use: Potion            |     3 |       ||     3
       Scroll            |     1 |       ||     1
 Stab: Sleeping          |     2 |       ||     2
       Confused          |     1 |       ||     1
  Eat: Chunk             |     1 |       ||     1
Armor: Robe              |    18 |       ||    18
       Skin              |    20 |       ||    20
Dodge: Dodged            |    34 |       ||    34
